 Dungeon Crawl Stone Soup version 0.24.0-13-gcf9b3192b9 (webtiles) character file.

Game seed: 4319694058416792346, levelgen mode: deterministic

401 Fukker the Chiller (level 6, -1/41 HPs)
             Began as a Demonspawn Ice Elementalist on Nov 8, 2019.
             Was a Believer of Vehumet.
             Slain by an iron imp (11 damage)
             ... summoned by miscasting Summon Ice Beast
             ... on level 4 of the Dungeon.
             The game lasted 00:09:12 (3784 turns).

Fukker the Chiller (Demonspawn Ice Elementalist)    Turns: 3784, Time: 00:09:14

Health: -1/41      AC:  9    Str:  8    XL:     6   Next: 54%
Magic:  3/9        EV: 12    Int: 19    God:    Vehumet [**....]
Gold:   99         SH:  0    Dex: 13    Spells: 1/9 levels left

rFire    . . .     SeeInvis .   v - +0 falchion (venom)
rCold    . . .     Gourm    .   (no shield)
rNeg     . . .     Faith    .   u - +2 robe {MR+}
rPois    .         Spirit   .   (no helmet)
rElec    .         Reflect  .   (no cloak)
rCorr    .         Harm     .   w - +0 pair of gloves
MR       +....                  (no boots)
Stlth    ++........             A - amulet of magic regeneration
HPRegen  0.13/turn              (no ring)
MPRegen  0.36/turn              (no ring)

@: very slightly contaminated
A: hooves 1, iridescent scales 2, spiny 1
a: Renounce Religion


You were on level 4 of the Dungeon.
You worshipped Vehumet.
Vehumet was pleased with you.
You were near starving.

You visited 1 branch of the dungeon, and saw 4 of its levels.

You collected 99 gold pieces.

Inventory:

Hand Weapons
 k - a +0 short sword
 v - a +0 falchion of venom (weapon)
Missiles
 l - 96 stones (quivered)
Armour
 a - a +0 robe
 u - a +2 robe of magic resistance (worn)
 w - a +0 pair of gloves (worn)
Jewellery
 b - an uncursed ring of see invisible {unknown}
 A - an amulet of magic regeneration (around neck)
Wands
 y - a wand of disintegration (9)
Scrolls
 g - a scroll of random uselessness {unknown}
 h - 4 scrolls of teleportation {unknown}
 i - 3 scrolls of enchant armour {unknown}
 j - 2 scrolls of magic mapping {unknown}
 n - a scroll of remove curse {unknown}
Potions
 d - a potion of cancellation {unknown}
 e - 2 potions of curing {unknown}
 f - a potion of flight {unknown}
 m - a potion of resistance {unknown}
 o - 3 potions of agility {unknown}
 p - 2 potions of haste {unknown}
 q - a potion of degeneration {unknown}
 r - a potion of heal wounds {unknown}
 s - 2 potions of might {unknown}
 t - a potion of lignification {unknown}
 x - a potion of ambrosia {unknown}
 z - 3 potions of brilliance {unknown}
Comestibles
 c - 5 rations


   Skills:
 + Level 0.3 Long Blades
 - Level 1.7 Dodging
 - Level 1.7 Stealth
 - Level 2.0 Spellcasting
   Level 1.0 Conjurations
 + Level 0.2 Charms
 * Level 2.1 Summonings
 + Level 6.3 Ice Magic


You had one spell level left.
You knew the following spells:

 Your Spells              Type           Power        Failure   Level  Hunger
a - Freeze                Ice            ####         1%          1    #......
b - Ozocubu's Armour      Chrm/Ice       ##......     13%         3    ###....
c - Summon Ice Beast      Ice/Summ       ###.....     28%         4    #####..

Your spell library contained the following spells:

 Spells                   Type           Power        Failure   Level  Hunger
 Ignite Poison            Fire/Tmut/Pois #.......     45%         3    ###....
 Throw Frost              Conj/Ice       ###...       5%          2    ###....
 Throw Icicle             Conj/Ice       ###.....     36%         4    #####..


Dungeon Overview and Level Annotations

Branches:
Dungeon (4/15)
 Temple: D:4-7

Altars:
Dithmenos
Fedhas
Kikubaaqudgha
Vehumet
Zin
The Shining One


Innate Abilities, Weirdness & Mutations

You have large cloven feet.
You are mostly covered in iridescent scales. (AC +4)
You are partially covered in sharp spines.


Message History

The iron imp is struck by your spines.
The iron imp hits you but does no damage.
You closely miss the phantom.
The phantom is severely damaged.
The phantom is struck by your spines. The phantom closely misses you.
You riposte.
You closely miss the phantom. You kick the phantom.
The phantom is almost destroyed.
The iron imp hits you!
* * * LOW HITPOINT WARNING * * *
Your icy armour cracks and falls away as you move.
The phantom is struck by your spines. The phantom hits you.
* * * LOW HITPOINT WARNING * * *
The phantom blinks!
Casting: Summon Ice Beast (quite dangerous; 28% risk of failure)
Confirm with . or Enter, or press ? or * to list all spells.
You miscast Summon Ice Beast.
A fistful of eyes flickers past your view.
You are near starving!
The iron imp hits you!
You die...

#.# #.# #####.####
.........# .........#
.........# .....†...#
.........#### #######
#####.......# #.@...#
..._.######.###5###.#
.....# #[......#
.....# #####.#.#
.....# ..#.# >....#
#### # .....# #.####
#.#


You could see an iron imp.

Vanquished Creatures
  A phantom (D:4)
  Blork the orc (D:4)
  An orc priest (D:3)
  An orc wizard (D:3)
  An iguana (D:4)
  Natasha (twice) (D:3)
  6 adders
  3 oozes
  A worm (D:2)
  3 dart slugs
  2 leopard geckos
  5 orcs (D:3)
  4 giant cockroaches
  5 goblins
  8 hobgoblins
  4 jackals (D:3)
  2 quokkas (D:3)
  2 ball pythons
  6 bats
  7 frilled lizards
  7 kobolds
  7 rats
79 creatures vanquished.

Vanquished Creatures (collateral kills)
  A hound (D:4)
  Natasha (D:3)
  2 orcs (D:3)
  A hobgoblin (D:3)
5 creatures vanquished.

Grand Total: 84 creatures vanquished

Notes
Turn   | Place    | Note
-------+----------+-------------------------------------------
     0 | D:1      | Fukker the Demonspawn Ice Elementalist began the quest for
                  | the Orb.
     0 | D:1      | Reached XP level 1. HP: 13/13 MP: 3/3
    81 | D:1      | Reached skill level 3 in Ice Magic
   517 | D:1      | Gained mutation: You are partially covered in sharp spines.
                  | [demonic ancestry]
   517 | D:1      | Reached XP level 2. HP: 19/19 MP: 1/5
  1504 | D:2      | Found a faded altar of an unknown god.
  1515 | D:2      | Reached XP level 3. HP: 24/24 MP: 2/6
  1516 | D:2      | Became a worshipper of Vehumet
  1516 | D:2      | Reached * piety under Vehumet
  1516 | D:2      | Offered knowledge of Sandblast by Vehumet.
  1577 | D:2      | Learned a level 3 spell: Ozocubu's Armour
  1621 | D:2      | Reached skill level 4 in Ice Magic
  2105 | D:2      | Gained mutation: You are partially covered in iridescent
                  | scales. (AC +2) [demonic ancestry]
  2105 | D:2      | Reached XP level 4. HP: 26/30 MP: 5/7
  2451 | D:3      | Reached ** piety under Vehumet
  2451 | D:3      | Offered knowledge of Flame Tongue by Vehumet.
  2512 | D:3      | Reached skill level 5 in Ice Magic
  2517 | D:3      | Gained mutation: You have large cloven feet. [demonic
                  | ancestry]
  2517 | D:3      | Reached XP level 5. HP: 29/35 MP: 3/8
  2567 | D:3      | Learned a level 4 spell: Summon Ice Beast
  2569 | D:3      | Found a glowing silver altar of Zin.
  2694 | D:3      | Noticed Natasha
  2703 | D:3      | Killed Natasha
  2856 | D:3      | Found a shadowy altar of Dithmenos.
  3152 | D:3      | Found an ancient bone altar of Kikubaaqudgha.
  3152 | D:3      | Found a glowing golden altar of the Shining One.
  3270 | D:3      | Noticed Natasha
  3275 | D:3      | Killed Natasha
  3275 | D:3      | Reached skill level 1 in Summonings
  3309 | D:3      | Noticed Natasha
  3314 | D:3      | Killed Natasha
  3352 | D:4      | Gained mutation: You are mostly covered in iridescent
                  | scales. (AC +4) [demonic ancestry]
  3352 | D:4      | Reached XP level 6. HP: 41/41 MP: 6/9
  3372 | D:4      | Found a blossoming altar of Fedhas.
  3403 | D:4      | Noticed Blork the orc
  3429 | D:4      | Killed Blork the orc
  3429 | D:4      | Reached skill level 6 in Ice Magic
  3682 | D:4      | Offered knowledge of Ignite Poison by Vehumet.
  3784 | D:4      | Slain by an iron imp

Levels and vault maps discovered:
D:1:      elethiomel_arrival_maze, layout_basic, minmay_heptomino_d4
D:2:      layout_loops_ring, chequers_ecumenical_altar_simple, first_ration,
          minmay_goblin_kobold_house
D:3:      layout_basic, gammafunk_temple_overflow_wave,
          nicolae_dithmenos_shadow_blocks, old_standard_altar,
          serial_park_tiny_2, uniq_natasha
D:4:      layout_basic, overflow_temple_1_default, kennysheep_flooded_box,
          st_stairs_8, minmay_manual_mares, uniq_blork_the_orc

Skill      XL: |  1  2  3  4  5  6 |
---------------+-------------------+-----
Ice Magic      | 3 4 5 6 |  6.3
Summonings     | 1 2 |  2.1
Long Blades    | |  0.3
Dodging        | |  1.7
Stealth        | |  1.7
Spellcasting   | |  2.0
Conjurations   | |  1.0
Charms         | |  0.2

Action                   |  1- 3 |  4- 6 || total
-------------------------+-------+-------++-------
Melee: Unarmed           |    16 |       ||    16
       Short sword       |    34 |    18 ||    52
       Falchion          |       |    51 ||    51
       Kick              |       |    13 ||    13
Throw: Stone             |       |     1 ||     1
 Cast: Freeze            |    37 |    27 ||    64
       Ozocubu's Armour  |       |     2 ||     2
       Summon Ice Beast  |       |    10 ||    10
 Stab: Sleeping          |     3 |     2 ||     5
  Eat: Ration            |     1 |       ||     1
       Chunk             |     1 |     7 ||     8
Armor: Robe              |    12 |    37 ||    49
Dodge: Dodged            |    46 |    63 ||   109
       Rpst.: Falchion   |       |    12 ||    12
